 Dungeon Crawl Stone Soup version 0.25-a0-670-g50981ef59b (webtiles) character file.

Game seed: 4248089025490291958, levelgen mode: deterministic

4151 Kohma the Slicer (level 10, -1/61 HPs)
             Began as a Kobold Berserker on Mar 29, 2020.
             Was an Elder of Trog.
             Slain by a troll (11 damage)
             ... on level 9 of the Dungeon.
             The game lasted 00:24:41 (8469 turns).

Kohma the Slicer (Kobold Berserker)                 Turns: 8469, Time: 00:24:42

Health: -1/61      AC:  7    Str: 19    XL:     10   Next: 52%
Magic:  0/13       EV: 23    Int: 12    God:    Trog [****..]
Gold:   261        SH:  0    Dex: 28    Spells: 9/9 levels left

rFire    + + .     SeeInvis .   b - +0 hand crossbow
rCold    + + .     Gourm    .   (shield restricted)
rNeg     + . .     Faith    .   i - +0 steam dragon scales
rPois    .         Spirit   +   t - +0 helmet of Kuapyser {rF+ Dex+7 Stlth+}
rElec    +         Reflect  .   f - +0 cloak
rCorr    .         Harm     .   (no gloves)
MR       .....                  (no boots)
Stlth    +++++.....             k - amulet "Xosarer" {Spirit rElec rN+ Dex+5 Stlth-}
HPRegen  0.20/turn              E - ring "Nasaxerph" {rC++ Str+4 Int+4 Dex-2}
MPRegen  0.13/turn              B - ring of protection from fire

@: no status effects
A: small, carnivore
a: Berserk, Trog's Hand, Brothers in Arms, Renounce Religion


You were on level 9 of the Dungeon.
You worshipped Trog.
Trog was greatly pleased with you.
You were completely stuffed.

You visited 2 branches of the dungeon, and saw 10 of its levels.

You collected 477 gold pieces.
You spent 216 gold pieces at shops.

Inventory:

Hand Weapons
 a - a +8 antimagic short sword
 b - a +0 hand crossbow (weapon)
 H - a +1 short sword of holy wrath
 K - a +0 dagger of venom
 P - a +1 rapier of protection
Missiles
 d - 63 bolts (quivered)
 m - 13 stones
 p - a throwing net
 r - 10 curare-tipped darts {!w =f}
 w - 18 poisoned darts
Armour
 f - a +0 cloak (worn)
 i - +0 steam dragon scales (worn)
 t - the +0 helmet of Kuapyser (worn) {rF+ Dex+7 Stlth+}
   (You took it off Robin on level 3 of the Dungeon)

   It affects your dexterity (+7).
   It protects you from fire.
   It makes you more stealthy.
Jewellery
 j - an uncursed ring of protection from cold
 k - the amulet "Xosarer" (around neck) {Spirit rElec rN+ Dex+5 Stlth-}
   (You acquired it on level 8 of the Dungeon)

   [amulet of guardian spirit]

   It causes incoming damage to be split between your health and magic.
   It affects your dexterity (+5).
   It insulates you from electricity.
   It protects you from negative energy.
   It makes you less stealthy.
 n - an uncursed ring of positive energy
 v - an uncursed ring of ice
 x - the amulet "Matrerem" {Regen+ Dex+3}
   (You found it on level 4 of the Dungeon)

   [amulet of regeneration]

   It affects your dexterity (+3).
   It increases your rate of regeneration.
 B - a ring of protection from fire (right hand)
 E - the ring "Nasaxerph" (left hand) {rC++ Str+4 Int+4 Dex-2}
   (You acquired it on level 7 of the Dungeon)

   [ring of intelligence]

   It affects your strength (+4).
   It affects your intelligence (+4).
   It affects your dexterity (-2).
   It greatly protects you from cold.
Wands
 y - a wand of acid (18)
 J - a wand of paralysis (7)
Scrolls
 e - 5 scrolls of teleportation
 o - 3 scrolls of identify
 s - 3 scrolls of remove curse
 G - 3 scrolls of enchant armour {unknown}
 I - 3 scrolls of enchant weapon
 N - a scroll of blinking
Potions
 g - 4 potions of magic
 h - 4 potions of brilliance
 l - 2 potions of haste
 u - 4 potions of curing
 z - 2 potions of might
 A - 2 potions of heal wounds
 C - 2 potions of invisibility
 D - a potion of mutation
 F - a potion of lignification
 M - 2 potions of flight
 O - a potion of stabbing
Comestibles
 c - 15 rations
 q - 3 chunks of flesh


   Skills:
 + Level 6.7 Fighting
 - Level 10.0 Short Blades
 * Level 6.5 Crossbows
 - Level 1.5 Armour
 - Level 7.6 Dodging
 - Level 10.0 Stealth
 + Level 4.5 Evocations


You had 9 spell levels left.
You didn't know any spells.
Your spell library was empty.

Dungeon Overview and Level Annotations

Branches:
Dungeon (9/15)             Temple (1/1) D:7            Lair (0/6) D:8
    Orc: D:9-12

Altars:
Ashenzari
Cheibriados
Dithmenos
Elyvilon
Fedhas
Gozag
Hepliaklqana
Kikubaaqudgha
Makhleb
Nemelex Xobeh
Okawaru
Qazlal
Ru
Sif Muna
Trog
Uskayaw
Vehumet
Wu Jian
Xom
Yredelemnul
Zin
The Shining One

Shops:
D:7 *


Innate Abilities, Weirdness & Mutations

You are small and have problems with some larger weapons.
You are carnivorous and can eat meat at any time.


Message History

The troll bites you but does no damage. The troll barely misses you.
The troll completely misses you.
You are too injured to fight recklessly!
Firing (i - inventory. (/) - cycle)
d - 65 bolts (quivered)
Press: ? - help, Shift-Dir - straight line, f - troll
Aim: a troll You shoot a bolt.
The bolt hits the troll but does no damage.
The troll misses you. The troll claws you!
* * * LOW HITPOINT WARNING * * *
The troll misses you.
Firing (i - inventory. (/) - cycle)
d - 64 bolts (quivered)
Press: ? - help, Shift-Dir - straight line, f/p - troll
Aim: a troll You shoot a bolt.
The bolt hits the troll.
The troll is lightly wounded.
The troll bites you but does no damage. The troll claws you.
* * * LOW HITPOINT WARNING * * *
The troll claws you!
You die...

##.....####.##.#.#
........###[##.#.#
.........##......#
...##...######.### ######.##
#.### # #.# #...# ######.# ###.#
.......## #.# #####...## #@#
##.....## #T# ##.......## ##r## #
#.........####...###########...#
.+..>......'................^....
##.........###....###########...#
##.......## #.#.## # ##.....##
#.### ##...## #.#


You could see a troll and a quokka.

Vanquished Creatures
  A two-headed ogre (D:8)
  Maggie (D:6)
  Grinder (D:4)
  A wyvern (D:9)
  An orc warrior (D:8)
  2 sky beasts
  An ice beast (D:6)
  A black bear (D:6)
  4 phantoms
  An ogre (D:6)
  A centaur (D:7)
  A big kobold (D:8)
  A bullfrog (D:7)
  3 scorpions
  A wyvern skeleton (D:8)
  3 howler monkeys
  5 crimson imps
  2 bullfrog zombies
  8 hounds
  A quasit (D:6)
  A jelly (D:5)
  2 orc priests
  A bullfrog skeleton (D:8)
  10 orc wizards
  Jessica (D:3)
  4 iguanas
  4 worker ants
  A hound skeleton (D:5)
  Robin (D:3)
  3 gnolls (D:2)
  A howler monkey skeleton (D:4)
  9 adders
  A shadow imp (D:6)
  An ooze (D:2)
  An adder zombie (D:5)
  4 adder skeletons
  5 worms
  2 dart slugs (D:4)
  6 leopard geckos
  26 orcs
  A bat zombie (D:1)
  6 giant cockroaches
  14 goblins
  9 hobgoblins
  13 jackals
  2 quokkas
  A ball python (D:6)
  7 bats
  5 frilled lizards
  A giant cockroach zombie (D:1)
  9 kobolds
  A quokka zombie (D:5)
  6 rats
199 creatures vanquished.

Vanquished Creatures (others)
  2 fungi (D:8)
2 creatures vanquished.

Grand Total: 201 creatures vanquished

Notes
Turn   | Place    | Note
-------+----------+-------------------------------------------
     0 | D:1      | Kohma the Kobold Berserker began the quest for the Orb.
     0 | D:1      | Reached XP level 1. HP: 14/14 MP: 1/1
   434 | D:1      | Reached XP level 2. HP: 15/19 MP: 2/2
   458 | D:1      | Reached skill level 1 in Stealth
  1135 | D:2      | Reached XP level 3. HP: 23/23 MP: 3/3
  1489 | D:2      | Reached skill level 5 in Short Blades
  1489 | D:2      | Reached XP level 4. HP: 29/29 MP: 4/4
  1706 | D:2      | Reached ** piety under Trog
  1786 | D:2      | Found a white marble altar of Elyvilon.
  1814 | D:2      | Reached XP level 5. HP: 27/33 MP: 5/5
  1991 | D:3      | Noticed Jessica
  2003 | D:3      | Killed Jessica
  2145 | D:3      | Identified the cursed +0 helmet of Kuapyser {rF+ Dex+7
                  | Stlth+}
  2145 | D:3      | Noticed Robin
  2162 | D:3      | Killed Robin
  2885 | D:3      | Reached XP level 6. HP: 38/38 MP: 6/6
  2899 | D:3      | Found an ancient bone altar of Kikubaaqudgha.
  3238 | D:4      | HP: 2/58 [howler monkey skeleton (4)]
  3543 | D:4      | Noticed Grinder
  3552 | D:4      | Paralysed by Grinder for 5 turns
  3572 | D:4      | Killed Grinder
  3572 | D:4      | Reached XP level 7. HP: 44/44 MP: 7/7
  3682 | D:4      | Got a fine brass amulet
  3820 | D:4      | Identified the amulet "Matrerem" {Regen+ Dex+3} (You found
                  | it on level 4 of the Dungeon)
  3885 | D:4      | Reached *** piety under Trog
  3974 | D:5      | Entered Level 5 of the Dungeon
  4015 | D:5      | Reached skill level 5 in Fighting
  4244 | D:5      | Reached skill level 5 in Stealth
  4301 | D:5      | Reached skill level 5 in Dodging
  4301 | D:5      | Reached XP level 8. HP: 49/49 MP: 8/8
  4691 | D:5      | Found a shimmering blue altar of Sif Muna.
  5273 | D:6      | Reached **** piety under Trog
  5392 | D:6      | Reached XP level 9. HP: 51/54 MP: 9/9
  5540 | D:6      | Found a shadowy altar of Dithmenos.
  5561 | D:6      | Reached skill level 10 in Short Blades
  5900 | D:6      | Noticed Maggie
  5904 | D:6      | Killed Maggie
  6162 | D:7      | Reached skill level 1 in Crossbows
  6211 | D:7      | Found a staircase to the Ecumenical Temple.
  6219 | Temple   | Entered the Ecumenical Temple
  6358 | D:7      | Reached skill level 1 in Evocations
  6539 | D:7      | Reached ***** piety under Trog
  6539 | D:7      | Received a gift from Trog
  6757 | D:7      | Found Gunod's General Store.
  6760 | D:7      | Bought a potion of flight for 36 gold pieces
  6760 | D:7      | Bought a scroll of blinking for 90 gold pieces
  6760 | D:7      | Bought a scroll of enchant weapon for 90 gold pieces
  6765 | D:7      | Identified a scroll of acquirement
  6766 | D:7      | Identified the -5 pair of boots of Masochism {*Contam rC+++
                  | rCorr Str+5} (You acquired it on level 7 of the Dungeon)
  6766 | D:7      | Identified the ring "Nasaxerph" {rC++ Str+4 Int+4 Dex-2}
                  | (You acquired it on level 7 of the Dungeon)
  6985 | D:8      | Reached XP level 10. HP: 60/60 MP: 4/12
  7148 | D:8      | Found a snail-covered altar of Cheibriados.
  7232 | D:8      | Found a staircase to the Lair.
  7312 | D:8      | Identified the amulet "Xosarer" {Spirit rElec rN+ Dex+5
                  | Stlth-} (You acquired it on level 8 of the Dungeon)
  7400 | D:8      | Noticed a two-headed ogre
  7460 | D:8      | Killed a two-headed ogre
  7460 | D:8      | Reached skill level 5 in Crossbows
  7460 | D:8      | Reached skill level 10 in Stealth
  7753 | D:8      | Found Erise's Magic Scroll Shop.
  8025 | D:8      | Found an ancient bone altar of Kikubaaqudgha.
  8147 | D:9      | Noticed a moth of wrath
  8150 | D:9      | Found a bloodstained altar of Trog.
  8153 | D:9      | Found the +6 Majin-Bo {vamp, Archmagi MP+6 Int+6}
  8469 | D:9      | Slain by a troll

Levels and vault maps discovered:
D:1:      saegor_arrival_fortress, layout_basic
D:2:      layout_loops_cross, elyvilon_altar_1, serial_park_tiny_1
D:3:      layout_rooms, kiku_gazebo_garden_becter, uniq_jessica, uniq_robin
D:4:      layout_rooms, uniq_grinder
D:5:      layout_gridville, led_sif_book, first_ration,
          kennysheep_generic_room_2
D:6:      hangedman_cross_stitches, layout_loops_ring, grunt_dithmenos_shadows,
          uniq_maggie
D:7:      layout_loops_ring, minmay_temple_entry_stoned_glass, serial_shops,
          nicolae_shop_behind_doors
D:8:      layout_basic, lemuel_round_altar, dpeg_oklobed_lair, serial_shops,
          nicolae_shop_trees, basic_altar
D:9:      layout_loops_corners, tgw_trog, uniq_erolcha
Temple:   eino_temple_rhombus

Skill      XL: |  1  2  3  4  5  6  7  8  9 10 |
---------------+-------------------------------+-----
Stealth        | 1 2 3 4 5 6 9 10 | 10.0
Dodging        | 3 4 5 6 7 |  7.6
Short Blades   | 5 7 9 10 | 10.0
Fighting       | 4 5 6 |  6.7
Crossbows      | 3 6 |  6.5
Evocations     | 2 4 |  4.5
Armour         | |  1.5

Action                   |  1- 3 |  4- 6 |  7- 9 | 10-12 || total
-------------------------+-------+-------+-------+-------++-------
Melee: Short sword       |    88 |    77 |   108 |    89 ||   362
       Dagger            |       |   110 |   377 |       ||   487
 Fire: Hand crossbow     |       |       |       |     2 ||     2
Throw: Dart              |       |       |       |     1 ||     1
Invok: Berserk           |     3 |     5 |     1 |       ||     9
       Trog's Hand       |       |     3 |       |     1 ||     4
Evoke: Wand              |       |       |       |     1 ||     1
  Use: Scroll            |       |     7 |    11 |     3 ||    21
 Stab: Sleeping          |     3 |     4 |    21 |     5 ||    33
       Distracted        |       |     1 |     2 |       ||     3
  Eat: Chunk             |     9 |    15 |    11 |     7 ||    42
Armor: Animal skin       |     3 |    25 |    36 |       ||    64
       Leather armour    |     7 |    22 |       |       ||    29
       Steam dragon scal |       |       |    14 |     9 ||    23
Dodge: Dodged            |    53 |   179 |   331 |    62 ||   625

Table legend:
 A = Non-vault XP
 B = Vault XP
 C = Vault XP percentage of total XP
 D = Non-vault monster count
 E = Vault monster count
 F = Vault count percentage of total count
                 A         B        C        D         E       F
            +---------+---------+-------+---------+---------+-------
      Total |    4787 |    1144 |  19.3 |     167 |      32 |  16.1
            +---------+---------+-------+---------+---------+-------
        D:1 |      20 |       3 |  13.0 |      12 |       2 |  14.3
        D:2 |     120 |       0 |   0.0 |      19 |       0 |   0.0
        D:3 |      91 |      77 |  45.8 |      18 |      14 |  43.8
        D:4 |     167 |     290 |  63.5 |      20 |       1 |   4.8
        D:5 |     457 |       8 |   1.7 |      24 |       2 |   7.7
        D:6 |     663 |     753 |  53.2 |      26 |       8 |  23.5
        D:7 |     674 |       0 |   0.0 |      13 |       0 |   0.0
        D:8 |    1948 |       0 |   0.0 |      27 |       0 |   0.0
        D:9 |     647 |      13 |   2.0 |       8 |       5 |  38.5
            +---------+---------+-------+---------+---------+-------
